 Dungeon Crawl Stone Soup version 0.17-a0-1646-geb1493d (webtiles) character file.

13327 esc the Cleaver (level 12, -10/112 HPs)
             Began as a Hill Orc Gladiator on Aug 10, 2015.
             Was a High Priest of Okawaru.
             Mangled by an enormous slime creature (64 damage)
             ... on level 11 of the Dungeon.
             The game lasted 00:48:43 (15190 turns).

esc the Cleaver (Hill Orc Gladiator)               Turns: 15190, Time: 00:48:43

Health: -10/112    AC: 17    Str: 28    XL:     12   Next: 4%
Magic:  18/18      EV: 12    Int:  8    God:    Okawaru [*****.]
Gold:   828        SH:  0    Dex: 17    Spells: 1 memorised, 9 levels left

rFire  + . .     SeeInvis .     F - +1 battleaxe (freeze)
rCold  + . .     Clarity  .     K - +1 plate armour {rC+}
rNeg   . . .     SustAt   .     (no shield)
rPois  .         Gourm    .     c - +0 helmet
rElec  .         Spirit   .     g - +1 cloak
rCorr  .         Warding  .     y - +0 pair of gloves
rMut   .         Stasis   +     (no boots)
MR     ++...                    G - amulet of Tykacku {Stasis rF+ Str+4 Dex+2 Slay+2}
Stlth  ..........               j - +5 ring of strength
                                o - ring of protection from magic {MR+, !d}

@: very resistant to hostile enchantments, extremely unstealthy
A: magic resistance 1
a: Heroism, Finesse, Renounce Religion


You were on level 11 of the Dungeon.
You worshipped Okawaru.
Okawaru was extremely pleased with you.
You were not hungry.

You visited 2 branches of the dungeon, and saw 12 of its levels.

You collected 948 gold pieces.
You spent 120 gold pieces at shops.

Inventory:

Hand weapons
 b - a +1 trident of venom
   (You took it off an orc warrior on level 12 of the Dungeon)
 C - a +0 blowgun
   (You took it off a kobold on level 8 of the Dungeon)
 F - a +1 battleaxe of freezing (weapon)
   (You took it off a wight on level 8 of the Dungeon)
Missiles
 r - 2 tomahawks of returning (quivered)
 t - 35 tomahawks
 D - 17 poisoned needles
Armour
 c - a +0 helmet (worn)
 g - a +1 cloak (worn)
   (You found it on level 1 of the Dungeon)
 y - a +0 pair of gloves (worn)
   (You found it on level 5 of the Dungeon)
 K - a +1 plate armour of cold resistance (worn)
   (You took it off an orc warrior on level 11 of the Dungeon)
Jewellery
 j - a +5 ring of strength (right hand)
   (You found it on level 11 of the Dungeon)
 o - a ring of protection from magic (left hand) {MR+, !d}
   (You found it on level 2 of the Dungeon)
 v - an uncursed ring of teleportation {+/*tele, !d}
   (You found it on level 7 of the Dungeon)
 B - an uncursed amulet of clarity {Clar, !d}
   (You took it off a big kobold on level 8 of the Dungeon)
 G - the amulet of Tykacku (around neck) {Stasis rF+ Str+4 Dex+2 Slay+2}
   (You found it on level 11 of the Dungeon)

   [amulet of stasis]

   It prevents you from being teleported, slowed, hasted or paralysed.
   It affects your strength (+4).
   It affects your dexterity (+2).
   It affects your accuracy and damage with ranged weapons and melee attacks
   (+2).
   It protects you from fire.
Magical devices
 I - a wand of cold (0)
   (You took it off an orc on level 9 of the Dungeon)
 M - a wand of enslavement (2)
   (You found it on level 12 of the Dungeon)
Scrolls
 d - a scroll of teleportation
 f - 2 scrolls of fog
 h - 3 scrolls of enchant weapon
 l - a scroll of blinking {!r}
 p - a scroll of identify
 s - 2 scrolls of recharging
 E - a scroll of fear
 H - a scroll of magic mapping {!r}
Potions
 a - a potion of invisibility {unknown}
 i - 2 potions of agility
 k - 2 potions of cancellation
 n - 6 potions of curing
 u - a potion of mutation {!q}
 w - a potion of resistance
 x - a potion of haste
 z - a potion of cure mutation {!q}
 A - a potion of degeneration {!q}
 J - a potion of brilliance
Comestibles
 e - 8 bread rations {@e1}
 m - 4 meat rations {@e2}
 q - 3 slices of pizza


   Skills:
 + Level 11.9 Fighting
 + Level 13.3 Axes
 - Level 2.0 Throwing
 + Level 4.4 Armour
 + Level 8.7 Dodging
 + Level 8.8 Invocations


You had 9 spell levels left.
You knew the following spells:

 Your Spells              Type           Power        Failure   Level  Hunger
d - Repel Missiles        Chrm/Air       #.....       100%        2    ###....


Dungeon Overview and Level Annotations

Branches:
Dungeon (12/15)            Temple (0/1) D:5            Lair (0/8) D:9
    Orc (1/4) D:9

Altars:
Elyvilon
Kikubaaqudgha
Nemelex Xobeh
Okawaru
Trog
Vehumet
Yredelemnul

Shops:
D:4 :   D:8 !   D:9 =   D:11 [%%=(

Annotations:
D:6 exclusion: electric eel
D:9 exclusion: downstairs
D:10 cmdexe's ghost, powerful HOFi


Innate Abilities, Weirdness & Mutations

You are resistant to hostile enchantments.


Message History

You slash the slime creature! You freeze the slime creature.
The slime creature hits you but does no damage.
The slime creature hits you!
You take 10 damage, and have 96/112 hp.
You slice the slime creature!! You freeze the slime creature!
You slash the slime creature! You freeze the slime creature.
The slime creature misses you.
Two slime creatures merge to form a large slime creature.
You hit the slime creature. You freeze the slime creature.
You slash the large slime creature! You freeze the large slime creature.
The slime creature hits you but does no damage.
The large slime creature hits you!
You take 17 damage, and have 79/112 hp.
You slash the large slime creature! You freeze the large slime creature.
You slash the slime creature! You freeze the slime creature.
Two slime creatures merge to form a very large slime creature.
The slime creature hits you but does no damage.
You slash the slime creature! You freeze the slime creature!
You kill the slime creature!
Okawaru accepts your kill.
You slash the very large slime creature!
You freeze the very large slime creature.
You slice the very large slime creature!!
You freeze the very large slime creature.
The very large slime creature hits you!!
You take 24 damage, and have 56/112 hp.
MASSIVE DAMAGE!!
You slash the very large slime creature!
You freeze the very large slime creature.
The very large slime creature hits you!!
* * * LOW HITPOINT WARNING * * *
You take 23 damage, and have 33/112 hp.
MASSIVE DAMAGE!!
A slime creature comes into view.
The slime creature quivers.
There is a stone staircase leading up here.
You climb upwards.
There is a stone staircase leading down here.
You start resting.
Some of the chunks of flesh in your inventory have rotted away.
Eating a chunk of flesh {@w0}.
You continue eating. x2
A yak comes into view.
You regained 30 hp, and now have 67/112 hp.
The yak bellows!
You slash the yak! You freeze the yak. The yak gores you but does no damage.
You slice the yak!! You freeze the yak. The yak gores you but does no damage.
You closely miss the yak. The yak gores you.
You take 1 damage, and have 68/112 hp.
You slice the yak!! You freeze the yak.
You kill the yak!
Okawaru accepts your kill.
You start resting.
Health restored: 112
There is a stone staircase leading down here.
You climb downwards.
The slime creature quivers.
A large slime creature splits.
The slime creature hits you!
Two slime creatures merge to form a large slime creature.
The slime creature closely misses you.
There is a stone staircase leading up here.
You take 9 damage, and have 103/112 hp.
The slime creature hits you. The slime creature hits you!
You climb upwards.
There is a stone staircase leading down here.
You take 12 damage, and have 91/112 hp.
A large slime creature splits.
The slime creature barely misses you.
Two slime creatures merge to form a large slime creature.
There is an open door here.
You slash the slime creature! You freeze the slime creature.
Two slime creatures merge to form a large slime creature.
You slash the large slime creature! You freeze the large slime creature.
The large slime creature misses you.
A large slime creature splits.
You hit the large slime creature. You freeze the large slime creature.
The large slime creature hits you!!
Two slime creatures merge to form a very large slime creature.
Two slime creatures merge to form an enormous slime creature.
You take 27 damage, and have 66/112 hp.
MASSIVE DAMAGE!!
Unknown command.
Aim: an enormous slime creature (lightly wounded, chance to defeat MR: 28%)
Okay, then.
Unknown command.
Unknown command.
Unknown command.
Aim: an enormous slime creature (lightly wounded, chance to defeat MR: 28%)
The enormous slime creature easily resists.
Evoking this partially-identified wand wasted a few charges.
The enormous slime creature hits you!!
You take 18 damage, and have 53/112 hp.
Aim: an enormous slime creature (lightly wounded, chance to defeat MR: 28%)
The enormous slime creature easily resists.
Evoking this partially-identified wand wasted a few charges.
The enormous slime creature closely misses you.
Aim: an enormous slime creature (lightly wounded, chance to defeat MR: 28%)
The enormous slime creature easily resists.
Evoking this partially-identified wand wasted a few charges.
The enormous slime creature hits you!!!
Ouch! That really hurt!
You die...

### #.# ######### ########.#
##........ #........# #..[......
#.######.############..#######
#.# #....J@................ #.#
#############...####### #.#
#............. #.#
########.##...####### ####'#####
#.....##..#.......... #........#
##.###.###.#.|........ #........#
#.................###.
#........###..####.........#.###.
#..=>....'.......................


You could see an enormous slime creature.

Vanquished Creatures
  3 hill giants (D:11)
  3 ugly things (D:11)
  2 trolls
  Grinder (D:6)
  2 slime creatures (D:12)
  A trapdoor spider zombie (D:9)
  A shadow (D:9)
  A trapdoor spider (D:11)
  7 yaks
  2 hippogriffs
  A hog (D:7)
  A human (D:7)
  A mottled dragon (D:11)
  2 water moccasins
  14 orc warriors
  Duvessa (D:5)
  An eye of draining (D:11)
  4 sky beasts
  A wasp (D:11)
  2 black bears
  2 phantoms
  9 ogres
  4 centaurs
  5 big kobolds
  7 giant frogs
  A wyvern skeleton (D:8)
  7 killer bees
  Dowan (D:5)
  A water moccasin skeleton (D:8)
  8 wights
  An electric eel (D:6)
  5 crimson imps
  4 centaur zombies
  7 jellies
  A giant frog zombie (D:11)
  11 orc priests
  8 hounds
  3 centaur skeletons
  3 iguanas
  A gnoll shaman (D:5)
  6 orc wizards
  8 worker ants
  3 sheep (D:7)
  A hound skeleton (D:7)
  2 hound zombies
  A worker ant zombie (D:6)
  16 gnolls
  A shadow imp (D:8)
  8 adders
  An ooze (D:4)
  2 worms (D:4)
  An adder skeleton (D:6)
  4 giant geckos
  95 orcs
  A ball python (D:1)
  6 bats
  6 giant cockroaches
  5 goblins
  15 hobgoblins
  18 jackals
  2 quokkas
  2 giant newts
  4 jackal skeletons
  16 kobolds
  A quokka skeleton (D:5)
  3 rats (D:1)
368 creatures vanquished.

Vanquished Creatures (others)
  A quokka (D:4)
1 creature vanquished.

Grand Total: 369 creatures vanquished

Notes
Turn   | Place    | Note
--------------------------------------------------------------
     0 | D:1      | esc the Hill Orc Gladiator began the quest for the Orb.
     0 | D:1      | Reached XP level 1. HP: 18/18 MP: 1/1
   106 | D:1      | Reached XP level 2. HP: 25/25 MP: 2/2
   116 | D:1      | Reached skill level 3 in Fighting
   253 | D:1      | Reached XP level 3. HP: 19/31 MP: 3/3
   984 | D:2      | Reached XP level 4. HP: 35/40 MP: 4/4
   991 | D:2      | Reached skill level 5 in Axes
  1151 | D:2      | Found a bloodstained altar of Trog.
  1164 | D:2      | You fall through a shaft for 2 floors!
  1182 | D:4      | Noticed an ogre
  1383 | D:4      | Killed an ogre
  1383 | D:4      | Reached skill level 4 in Fighting
  1383 | D:4      | Reached skill level 3 in Dodging
  1383 | D:4      | Reached XP level 5. HP: 16/47 MP: 5/5
  1662 | D:4      | Found a white marble altar of Elyvilon.
  2051 | D:4      | Found Peifuah's Book Boutique.
  2067 | D:4      | Reached skill level 6 in Axes
  2067 | D:4      | Reached XP level 6. HP: 38/53 MP: 6/6
  2264 | D:4      | Got a scorched trident
  2265 | D:4      | Identified the cursed +3 trident "Jimpapruo" {pain, +Rage rPois MR- Int+2} (You took it off an orc on level 4 of the Dungeon)
  2454 | D:5      | Entered Level 5 of the Dungeon
  2462 | D:5      | Noticed Duvessa
  2462 | D:5      | Noticed Dowan
  2538 | D:5      | Reached skill level 5 in Fighting
  3040 | D:6      | Reached XP level 7. HP: 32/61 MP: 7/7
  3072 | D:6      | Reached skill level 7 in Axes
  3072 | D:6      | Reached skill level 4 in Dodging
  3564 | D:6      | Noticed Grinder
  3595 | D:6      | Noticed a water moccasin
  3607 | D:6      | Paralysed by Grinder for 4 turns
  3623 | D:7      | HP: 15/62 [poisoned by a water moccasin]
  3624 | D:7      | Killed a water moccasin
  3624 | D:7      | Reached skill level 6 in Fighting
  3628 | D:7      | HP: 11/63 [poisoned by a water moccasin]
  3634 | D:7      | HP: 9/63 [poisoned by a water moccasin]
  3639 | D:7      | HP: 8/63 [poisoned by a water moccasin]
  3647 | D:7      | HP: 8/63 [poisoned by a water moccasin]
  4257 | D:7      | Reached XP level 8. HP: 25/71 MP: 8/8
  4270 | D:7      | Reached skill level 8 in Axes
  4579 | D:7      | Reached skill level 5 in Dodging
  4599 | D:7      | Found a radiant altar of Vehumet.
  4729 | D:7      | Reached skill level 7 in Fighting
  4900 | D:7      | Noticed a hog
  4900 | D:7      | Noticed a human
  4909 | D:7      | Killed a hog
  4910 | D:7      | Killed a human
  4910 | D:7      | Reached skill level 9 in Axes
  4912 | D:7      | HP: 11/73 [sheep (8)]
  5280 | D:7      | HP: 17/74 [orc priest/flail (3)]
  5624 | D:7      | Reached skill level 8 in Fighting
  5624 | D:7      | Reached XP level 9. HP: 81/81 MP: 9/9
  5850 | D:6      | Killed Grinder
  5850 | D:6      | Reached skill level 6 in Dodging
  5866 | D:6      | Identified a scroll of acquirement
  5925 | D:6      | Found a basalt altar of Yredelemnul.
  5981 | D:6      | Reached skill level 10 in Axes
  6061 | D:6      | HP: 18/82 [electric eel/bolt of electricity (11)]
  6573 | D:5      | Killed Dowan
  6606 | D:5      | Killed Duvessa
  6606 | D:5      | Reached skill level 9 in Fighting
  6765 | D:5      | Found an iron altar of Okawaru.
  6775 | D:5      | Became a worshipper of Warmaster Okawaru
  7192 | D:5      | Gained mutation: You are resistant to hostile enchantments. [potion of beneficial mutation]
  7201 | D:5      | Found a staircase to the Ecumenical Temple.
  7493 | D:8      | Found Vetap's Distillery.
  7516 | D:8      | Bought a potion of heal wounds for 60 gold pieces
  7516 | D:8      | Bought a potion of heal wounds for 60 gold pieces
  7625 | D:8      | Reached skill level 1 in Invocations
  7694 | D:8      | HP: 21/84 [poisoned by a killer bee]
  7701 | D:8      | HP: 20/84 [poisoned by a killer bee]
  7709 | D:8      | HP: 13/84 [poisoned by a killer bee]
  8034 | D:8      | Reached skill level 2 in Invocations
  8040 | D:8      | Acquired Okawaru's first power
  8040 | D:8      | Reached skill level 1 in Armour
  8176 | D:7      | Reached skill level 3 in Invocations
  8176 | D:7      | Reached XP level 10. HP: 29/92 MP: 12/12
  8483 | D:8      | Found an ancient bone altar of Kikubaaqudgha.
  8519 | D:8      | Got a faintly humming robe
  8530 | D:8      | Identified the +0 robe of Too Many Cooks {rPois} (You found it on level 8 of the Dungeon)
  8568 | D:8      | Reached skill level 11 in Axes
  8568 | D:8      | Reached skill level 2 in Armour
  8942 | D:8      | Reached skill level 7 in Dodging
  8975 | D:8      | Reached skill level 4 in Invocations
  9158 | D:8      | Reached skill level 10 in Fighting
  9351 | D:9      | Found a staircase to the Orcish Mines.
 10241 | D:9      | Reached skill level 5 in Invocations
 10700 | D:9      | Found a staircase to the Lair.
 11005 | D:9      | Found Luruinti's Jewellery Boutique.
 11100 | D:9      | Found a bloodstained altar of Trog.
 11150 | Orc:1    | Entered Level 1 of the Orcish Mines
 11226 | D:9      | Reached skill level 6 in Invocations
 11299 | D:9      | Reached skill level 12 in Axes
 11626 | Orc:1    | Reached XP level 11. HP: 101/101 MP: 15/15
 12028 | Orc:1    | Noticed an orc knight
 12092 | D:10     | Entered Level 10 of the Dungeon
 12176 | D:10     | Reached skill level 11 in Fighting
 12185 | D:10     | Found a sparkling altar of Nemelex Xobeh.
 12305 | D:10     | Learned a level 2 spell: Repel Missiles
 12408 | D:10     | Noticed cmdexe's ghost (powerful HOFi)
 12533 | D:11     | Found Xoapufine's Food Emporium.
 12568 | D:11     | Found Xerphett's Food Shop.
 12579 | D:11     | Found Xaahin's Jewellery Shoppe.
 12610 | D:11     | Got a sparkling graven amulet
 12612 | D:11     | Identified the amulet of Tykacku {Stasis rF+ Str+4 Dex+2 Slay+2} (You found it on level 11 of the Dungeon)
 12656 | D:11     | Noticed a hill giant
 12660 | D:11     | Reached skill level 8 in Dodging
 12672 | D:11     | HP: 11/102 [hill giant/giant club (29)]
 12674 | D:11     | Killed a hill giant
 12674 | D:11     | Reached skill level 7 in Invocations
 12886 | D:11     | Reached skill level 3 in Armour
 13151 | D:11     | Noticed a hill giant
 13163 | D:11     | Killed a hill giant
 13200 | D:11     | Acquired Okawaru's second power
 13200 | D:11     | Reached skill level 8 in Invocations
 13410 | D:11     | Found Zeecin's Armour Shoppe.
 13439 | D:11     | Noticed a hill giant
 13511 | D:11     | Killed a hill giant
 13511 | D:11     | Reached skill level 13 in Axes
 13903 | D:11     | Found Quiremm's Antique Weapon Emporium.
 14085 | D:11     | Reached skill level 4 in Armour
 14868 | D:12     | Received a gift from Okawaru
 14868 | D:12     | Reached XP level 12. HP: 106/112 MP: 18/18
 15190 | D:11     | Mangled by an enormous slime creature

Vault maps used:
D:1:      saegor_arrival_simple_b, grunt_decor_clamped, hangedman_glass_teeth
D:2:      forest_paths, overflow_temple_1_default, lemuel_doored_altar,
          hangedman_decor_points, minmay_cut_off, uniq_iyjb
D:4:      elyvilon_altar_4, serial_shops, shop
D:5:      nicolae_overflow_crystal_walls, temple_green, first_bread,
          uniq_duvessa
D:6:      kennysheep_mini, serial_bayou_pond_b, hangedman_decor_push,
          uniq_grinder
D:7:      basic_altar, grunt_livestock
D:8:      old_standard_altar, serial_shops, shop_coins, st_stairs_4,
          minmay_pinched_square
D:9:      lair_0_dummy, orc_0_dummy, serial_shops, shop,
          david_defended_altar_orc
D:10:     basic_altar
D:11:     serial_shops, shop, shop, nicolae_shop_waterfront, shop,
          nicolae_shop_behind_doors, kennysheep_generic_room_7
D:12:     special_room, roderic_batcave
Orc:1:    cheibrodos_orc_bank

Action                   |  1- 3 |  4- 6 |  7- 9 | 10-12 || total
-------------------------+-------+-------+-------+-------++-------
Melee: War axe           |    90 |    77 |       |       ||   167
       Trident           |       |    62 |   108 |       ||   170
       Battleaxe         |       |       |   217 |   485 ||   702
 Fire: Blowgun           |       |       |       |    22 ||    22
Throw: Throwing net      |       |     3 |       |       ||     3
       Tomahawk          |       |     1 |       |       ||     1
Invok: Heroism           |       |       |       |     3 ||     3
 Abil: Evoke Teleportati |       |       |     1 |       ||     1
Evoke: Wand              |       |       |       |     5 ||     5
  Use: Scroll            |       |     7 |    13 |     8 ||    28
       Potion            |       |       |     4 |     2 ||     6
 Stab: Held in net/web   |       |     2 |       |       ||     2
       Sleeping          |       |       |     2 |     1 ||     3
       Distracted        |       |       |       |     2 ||     2
  Eat: Chunk             |       |     4 |     9 |    11 ||    24
       Fruit             |       |     4 |       |       ||     4
       Beef jerky        |       |     1 |       |     3 ||     4
       Meat ration       |       |       |     1 |       ||     1
       Royal jelly       |       |       |     1 |       ||     1
       Pizza             |       |       |       |     4 ||     4

Vault maps used:
D:1:      saegor_arrival_simple_b, grunt_decor_clamped, hangedman_glass_teeth
D:2:      forest_paths, overflow_temple_1_default, lemuel_doored_altar,
          hangedman_decor_points, minmay_cut_off, uniq_iyjb
D:4:      elyvilon_altar_4, serial_shops, shop
D:5:      nicolae_overflow_crystal_walls, temple_green, first_bread,
          uniq_duvessa
D:6:      kennysheep_mini, serial_bayou_pond_b, hangedman_decor_push,
          uniq_grinder
D:7:      basic_altar, grunt_livestock
D:8:      old_standard_altar, serial_shops, shop_coins, st_stairs_4,
          minmay_pinched_square
D:9:      lair_0_dummy, orc_0_dummy, serial_shops, shop,
          david_defended_altar_orc
D:10:     basic_altar
D:11:     serial_shops, shop, shop, nicolae_shop_waterfront, shop,
          nicolae_shop_behind_doors, kennysheep_generic_room_7
D:12:     special_room, roderic_batcave
Orc:1:    cheibrodos_orc_bank

Table legend:
 A = Turns spent in this place as a percentage of turns spent in the entire game.
 B = Non-inter-level travel turns spent in this place as a percentage of non-inter-level travel turns spent in the entire game.
 C = Inter-level travel turns spent in this place as a percentage of turns spent in this place.
 D = Turns resting spent in this place as a percentage of non-inter-level travel turns spent in this place.
 E = Turns spent auto-exploring this place as a percentage of non-inter-level travel turns spent in this place.
 F = Non-inter-level travel turns spent in this place divided by the number of levels of this place that you've seen.
                   A       B       C       D       E      F
               +-------+-------+-------+-------+-------+----------------------
         Total | 100.0 | 100.0 |   0.6 |   4.4 |   7.2 | 302.6
       Dungeon |  91.2 |  91.2 |   0.7 |   4.7 |   7.5 | 300.9
  Orcish Mines |   8.8 |   8.8 |   0.0 |   0.9 |   4.7 | 321.0
               +-------+-------+-------+-------+-------+----------------------

Table legend:
 A = Kills in this place as a percentage of kills in entire the game.
 B = Kills by you in this place as a percentage of kills by you in the entire game.
 C = Kills by friends in this place as a percentage of kills by friends in the entire game.
 D = Other kills in this place as a percentage of other kills in the entire game.
 E = Experience gained in this place as a percentage of experience gained in the entire game.
 F = Experience gained in this place divided by the number of levels of this place that you have seen.
                   A       B       C       D       E      F
               +-------+-------+-------+-------+-------+----------------------
         Total | 100.0 | 100.0 |  -nan |  -nan | 100.0 | 1586.6
       Dungeon |  84.8 |  84.8 |  -nan |  -nan |  96.0 | 1662.4
  Orcish Mines |  15.2 |  15.2 |  -nan |  -nan |   4.0 | 753.0
               +-------+-------+-------+-------+-------+----------------------
